 Dungeon Crawl Stone Soup version 0.30-a0-760-g5a9884bb7c (webtiles) character file.

Game seed: 12673871802222008685

11982 themarg the Severer (level 11, -14/99 HPs)
             Began as a Hill Orc Fighter on Feb 10, 2023.
             Was a Priest of Makhleb.
             Demolished by a two-headed ogre
             ... wielding a +0 giant spiked club
              (16 damage)
             ... on level 11 of the Dungeon.
             The game lasted 00:27:57 (10766 turns).

themarg the Severer (Hill Orc Fighter)             Turns: 10766, Time: 00:27:58

Health: -14/99     AC: 22    Str: 24    XL:     11   Next: 86%
Magic:  17/17      EV:  5    Int:  8    God:    Makhleb [***...]
Gold:   313        SH:  5    Dex: 10    Spells: 10/10 levels left

rFire   . . .      SeeInvis .    a - +0 war axe
rCold   + . .      Faith    .    c - +0 buckler
rNeg    + . .      Spirit   .    w - +0 crystal plate armour
rPois   .          Reflect  .    j - +1 hat
rElec   .          Harm     .    t - +2 cloak
rCorr   .          Rampage  .    (no gloves)
Will    .....                    (no boots) Stlth
                                 J - amulet of the acrobat
HPRegen 0.36/turn                u - ring of protection from cold
MPRegen 0.15/turn                B - ring of positive energy

@: about to teleport
A: no striking features
a: Renounce Religion, Minor Destruction, Lesser Servant of Makhleb


You were on level 11 of the Dungeon.
You worshipped Makhleb.
Makhleb was most pleased with you.
You visited 2 branches of the dungeon, and saw 12 of its levels.
You also visited: Ossuary.

You collected 901 gold pieces.
You spent 588 gold pieces at shops.

Inventory:

Hand Weapons
 a - a +0 war axe (weapon)
Missiles
 e - 60 stones
 g - a curare-tipped dart (quivered)
 s - 24 poisoned darts
 E - 3 javelins
 K - a silver boomerang
 P - 3 boomerangs
Armour
 c - a +0 buckler (worn)
 j - a +1 hat (worn)
 t - a +2 cloak (worn)
 w - a +0 crystal plate armour (worn)
Jewellery
 u - a ring of protection from cold (left hand)
 y - an amulet of guardian spirit
 B - a ring of positive energy (right hand)
 J - an amulet of the acrobat (around neck)
 O - a ring of positive energy
 Q - a +6 ring of intelligence
Wands
 L - a wand of charming (15)
 R - a wand of flame (6)
Scrolls
 f - 3 scrolls of immolation
 i - 3 scrolls of blinking
 l - a scroll of fog {unknown}
 m - 5 scrolls of vulnerability {unknown}
 n - 3 scrolls of enchant weapon
 p - 2 scrolls of brand weapon {unknown}
 z - 6 scrolls of teleportation
 C - 2 scrolls of amnesia
 G - a scroll of fear {unknown}
 H - a scroll of acquirement {unknown}
 I - 2 scrolls of enchant armour
 N - 4 scrolls of magic mapping {unknown}
 U - a scroll of poison {unknown}
 V - a scroll of noise {unknown}
Potions
 b - 2 potions of magic
 d - a potion of might
 h - 6 potions of mutation
 k - 6 potions of heal wounds
 o - a potion of cancellation
 q - 3 potions of haste
 r - 3 potions of lignification
 v - 4 potions of curing
 x - 2 potions of attraction
 A - 4 potions of brilliance
 D - 3 potions of flight
 F - a potion of invisibility {unknown}
 M - a potion of berserk rage
 T - a potion of ambrosia {unknown}
Miscellaneous
 S - a condenser vane (inert)


   Skills:
 + Level 9.8 Fighting
 - Level 16.0 Axes
 - Level 2.0 Throwing
 - Level 7.0 Armour
 - Level 5.0 Dodging
 - Level 5.0 Shields
 + Level 9.1 Invocations


You had 10 spell levels left.
You didn't know any spells.
Your spell library contained the following spells:

 Spells                   Type           Power      Damage    Failure   Level
 Necrotise                Necr           0%         1d4       100%        1
 Scorch                   Fire           0%         2d5       100%        2
 Inner Flame              Hex/Fire       0%         N/A       100%        3
 Vampiric Draining        Necr           0%         2d6       100%        3
 Cause Fear               Hex            0%         N/A       100%        4
 Flame Wave               Conj/Fire      0%         2d4       100%        4
 Agony                    Necr           0%         N/A       100%        5
 Summon Cactus Giant      Summ           0%         N/A       100%        6
 Discord                  Hex            0%         N/A       100%        8


Dungeon Overview and Level Annotations

Branches:
Dungeon (11/15)            Temple (1/1) D:5            Lair (0/5) D:11
Ossuary (visited)
    Orc: D:9-12

Altars:
Ashenzari
Cheibriados
Dithmenos
Elyvilon
Fedhas
Gozag
Hepliaklqana
Kikubaaqudgha
Makhleb
Nemelex Xobeh
Okawaru
Qazlal
Ru
Sif Muna
Trog
Uskayaw
Vehumet
Wu Jian
Xom
Yredelemnul
Zin
The Shining One

Shops:
D:3 !

Annotations:
D:5 2 exclusions
D:7 3 runed translucent doors, exclusion: 3 doors, monoptic's ghost, novice HOFi
Temple 2 transporters


Message History

You destroy the vampire mosquito!
Makhleb accepts your kill.
You feel better.
Your Invocations skill increases to level 9!
You barely miss the two-headed ogre. You barely miss the two-headed ogre.
You block the two-headed ogre's attack. x2
Aiming: Minor Destruction (0% risk of failure)
Press: ? - help, Shift-Dir - straight line, f/p - two-headed ogre
Aim: a two-headed ogre, wielding a +0 giant spiked club and a +0 giant club The two-headed ogre writhes in agony.
The two-headed ogre hits you with a +0 giant spiked club!!
You block the two-headed ogre's attack.
You slash the two-headed ogre!
The two-headed ogre is lightly wounded.
You hit the two-headed ogre.
The two-headed ogre is moderately wounded.
The two-headed ogre hits you with a +0 giant spiked club!!
The two-headed ogre hits you with a +0 giant club.
You hit the two-headed ogre but do no damage.
The two-headed ogre is moderately wounded.
Aiming: Minor Destruction (0% risk of failure)
Press: ? - help, Shift-Dir - straight line, f/p - two-headed ogre
Aim: a two-headed ogre, wielding a +0 giant spiked club and a +0 giant club (moderately wounded)
The two-headed ogre writhes in agony.
The two-headed ogre completely misses you.
The two-headed ogre hits you but does no damage.
You barely miss the two-headed ogre.
The two-headed ogre is moderately wounded.
You hit the two-headed ogre but do no damage.
The two-headed ogre is moderately wounded.
The two-headed ogre hits you with a +0 giant spiked club!
The two-headed ogre hits you with a +0 giant club!
* * * LOW HITPOINT WARNING * * *
As you read the scroll of teleportation, it crumbles to dust.
You feel strangely unstable.
The two-headed ogre attacks as you move away!
The two-headed ogre hits you with a +0 giant spiked club!
* * * LOW HITPOINT WARNING * * *
The two-headed ogre hits you with a +0 giant club!
You die...

##.#.............##
#.####........### #..#
#####.#### # ##.# ### ###
.. #.###### #..#..#
#..#...## .....##
#..#....# ##......#
##.#....#####†.......
.#####[#.....##.@O.."....
................##.......
...............## .......
##.....#......## .......
#....###.÷....## #......
....# #.......# ......
...# #.......# ....!.
..### ##.......# #.....
.##..##........##


You could see a two-headed ogre.

Vanquished Creatures
  2 two-headed ogres (D:10)
  A deep elf pyromancer (D:6)
  A gargoyle (D:10)
  An unseen horror zombie (D:10)
  2 trolls
  2 shadows (D:10)
  3 wraiths
  A wyvern (D:9)
  16 yaks
  3 vampires (D:10)
  Grum (D:8)
  9 vampire mosquitoes
  An acid dragon (D:9)
  Duvessa (D:7)
  A black bear (D:6)
  An orc warrior (D:6)
  4 centaurs
  6 wolves
  2 phantoms
  4 bullfrogs
  2 kobold brigands
  2 scorpions (D:5)
  12 wights
  Dowan (D:7)
  4 killer bees (D:10)
  An electric eel (D:11)
  6 howler monkeys
  4 centaur zombies (D:10)
  7 hounds
  A gnoll bouda (D:9)
  4 orc priests
  Terence (D:2)
  An iguana (D:5)
  6 orc wizards
  8 mummies (Ossuary)
  A howler monkey zombie (D:10)
  7 gnolls
  3 adders
  3 white imps (D:5)
  A worm (D:5)
  18 orcs
  10 ball pythons
  3 endoplasms
  2 giant cockroaches
  5 goblins
  4 hobgoblins
  3 jackals (D:1)
  6 quokkas
  4 bats
  A frilled lizard (D:1)
  A hobgoblin zombie (Ossuary)
  12 kobolds
  6 kobold zombies (Ossuary)
  An orc zombie (Ossuary)
  3 rats (D:3)
216 creatures vanquished.

Notes
Turn   | Place    | Note
-------+----------+-------------------------------------------
     0 | D:1      | themarg the Hill Orc Fighter began the quest for the Orb.
     0 | D:1      | Reached XP level 1. HP: 19/19 MP: 1/1
    27 | D:1      | Reached skill level 3 in Axes
    61 | D:1      | Reached XP level 2. HP: 27/27 MP: 2/2
   614 | D:2      | Reached skill level 4 in Axes
   640 | D:2      | Reached XP level 3. HP: 33/33 MP: 3/3
   775 | D:2      | Noticed Terence
   825 | D:2      | Killed Terence
  1073 | D:3      | Reached XP level 4. HP: 41/41 MP: 4/4
  1296 | D:3      | Reached skill level 5 in Axes
  1390 | D:3      | Reached XP level 5. HP: 47/47 MP: 5/5
  1458 | D:3      | Found Reazoap's Distillery.
  1466 | D:3      | Bought a potion of heal wounds for 60 gold pieces
  1466 | D:3      | Bought a potion of curing for 36 gold pieces
  1766 | D:3      | Found a snail-covered altar of Cheibriados.
  2122 | D:4      | Reached skill level 5 in Fighting
  2122 | D:4      | Reached skill level 6 in Axes
  2253 | D:4      | Noticed a phantom
  2266 | D:4      | Killed a phantom
  2267 | D:4      | Reached skill level 7 in Axes
  2267 | D:4      | Reached XP level 6. HP: 56/56 MP: 6/6
  2576 | D:4      | Found a radiant altar of Vehumet.
  2724 | D:5      | Entered Level 5 of the Dungeon
  2811 | D:5      | Found a sand-covered staircase.
  2816 | Ossuary  | Entered an ossuary
  2919 | Ossuary  | Reached skill level 8 in Axes
  3374 | D:5      | Reached XP level 7. HP: 61/61 MP: 7/7
  3409 | D:5      | Found a staircase to the Ecumenical Temple.
  3418 | Temple   | Entered the Ecumenical Temple
  3418 | Temple   | Found a transporter.
  3418 | Temple   | Found a transporter.
  3420 | Temple   | Found a transporter.
  3420 | Temple   | Found a transporter.
  3443 | Temple   | Became a worshipper of Makhleb the Destroyer
  3704 | D:5      | Reached skill level 9 in Axes
  4127 | D:6      | Noticed a yak
  4148 | D:6      | Noticed a yak
  4148 | D:6      | Noticed a yak
  4149 | D:6      | Noticed a yak
  4159 | D:5      | Killed a yak
  4160 | D:5      | Reached skill level 10 in Axes
  4160 | D:5      | Reached skill level 5 in Shields
  4160 | D:5      | Reached XP level 8. HP: 43/68 MP: 8/8
  4266 | D:6      | Noticed a yak
  4271 | D:5      | Killed a yak
  4272 | D:5      | Reached skill level 1 in Throwing
  4317 | D:5      | Killed a yak
  4318 | D:5      | Reached skill level 11 in Axes
  4409 | D:5      | Killed a yak
  4548 | D:5      | Killed a yak
  4549 | D:5      | Reached skill level 12 in Axes
  5008 | D:6      | Noticed a troll
  5021 | D:6      | Killed a troll
  5022 | D:6      | Reached skill level 13 in Axes
  5022 | D:6      | Reached XP level 9. HP: 53/74 MP: 9/9
  5316 | D:6      | Noticed a deep elf pyromancer
  5324 | D:6      | Killed a deep elf pyromancer
  5325 | D:6      | Reached skill level 14 in Axes
  5684 | D:3      | Bought a potion of mutation for 96 gold pieces
  5684 | D:3      | Bought a potion of berserk rage for 60 gold pieces
  5684 | D:3      | Bought a potion of haste for 120 gold pieces
  5684 | D:3      | Bought a potion of lignification for 36 gold pieces
  5684 | D:3      | Bought a potion of brilliance for 48 gold pieces
  5684 | D:3      | Bought a potion of magic for 96 gold pieces
  5684 | D:3      | Bought a potion of flight for 36 gold pieces
  5842 | D:7      | Reached skill level 15 in Axes
  5916 | D:7      | Noticed Dowan
  5931 | D:7      | Killed Dowan
  5931 | D:7      | Reached * piety under Makhleb
  5934 | D:7      | Noticed Duvessa
  6120 | D:7      | Killed Duvessa
  6292 | D:7      | Found a sacrificial altar of Ru.
  6332 | D:7      | Found a runed translucent gate.
  6332 | D:7      | Found a runed translucent gate.
  6333 | D:7      | Noticed monoptic's ghost (novice HOFi)
  6334 | D:7      | Found a runed translucent gate.
  6334 | D:7      | Noticed a kobold demonologist
  6496 | D:7      | Reached skill level 16 in Axes
  6779 | D:8      | Reached skill level 1 in Invocations
  6836 | D:8      | Reached XP level 10. HP: 73/81 MP: 9/11
  7028 | D:8      | Noticed Grum
  7039 | D:8      | Killed Grum
  7040 | D:8      | Reached skill level 1 in Dodging
  7168 | D:8      | Reached ** piety under Makhleb
  7507 | D:8      | Found a glowing silver altar of Zin.
  7508 | D:8      | Noticed an angel
  7986 | D:9      | Found a basalt altar of Yredelemnul.
  8107 | D:9      | Reached skill level 5 in Armour
  8646 | D:10     | Entered Level 10 of the Dungeon
  8743 | D:10     | Reached skill level 5 in Invocations
  8897 | D:10     | Noticed a gargoyle
  8918 | D:10     | Killed a gargoyle
  9185 | D:10     | Noticed a two-headed ogre
  9200 | D:10     | Killed a two-headed ogre
  9201 | D:10     | Reached XP level 11. HP: 65/93 MP: 15/15
  9881 | D:10     | Reached *** piety under Makhleb
 10040 | D:10     | Noticed a two-headed ogre
 10053 | D:10     | Killed a two-headed ogre
 10312 | D:11     | Reached skill level 5 in Dodging
 10553 | D:11     | Found a staircase to the Lair.
 10748 | D:11     | Noticed a two-headed ogre
 10766 | D:11     | HP: 2/99 [two-headed ogre/+0 giant spiked club (16)]
 10766 | D:11     | Demolished by a two-headed ogre

Illustrated notes

Levels and vault maps discovered:
D:1:      shiori_arrival_oz, layout_rooms
D:2:      layout_rooms, uniq_terence
D:3:      layout_loops_cross, mainiacjoe_overflow_alcove_1, serial_shops,
          nicolae_shop_temple_entry_statues_fountains
D:4:      layout_basic, nicolae_overflow_hidden_temple
D:5:      layout_basic, minmay_temple_entry_fiery, enter_ossuary_2,
          grunt_ministairs_6
D:6:      layout_rooms, guppyfry_early_elven_hall
D:7:      layout_rooms, mainiacjoe_overflow_small_starburst,
          gammafunk_ghost_nasty_kobolds, uniq_duvessa
D:8:      layout_loops_corners, zin_angel, uniq_grum
D:9:      layout_roguey, lemuel_round_altar, serial_corexii_hall,
          chequers_hall_statues_wall_a, corexii_hall_statues_i,
          minmay_misc_feat_iff
D:10:     layout_basic, serial_undead, serial_undead_b, serial_undead_f,
          serial_undead_d, serial_undead_c
D:11:     layout_cave_pods, erik_lair_island, orc_david_3, uniq_erica
Temple:   hellmonk_temple_divided_pantheon

Skill      XL: |  1  2  3  4  5  6  7  8  9 10 11 |
---------------+----------------------------------+-----
Axes           | 3 4 5 7 8 10 13 16 | 16.0
Fighting       | 4 5 7 9 |  9.8
Shields        | 4 5 |  5.0
Throwing       | 2 |  2.0
Invocations    | 1 6 9 |  9.1
Dodging        | 3 5 |  5.0
Armour         | 6 7 |  7.0

Action                     |  1- 3 |  4- 6 |  7- 9 | 10-12 || total
---------------------------+-------+-------+-------+-------++-------
  Melee: War axe           |    70 |   145 |   240 |   447 ||   902
  Throw: Dart              |       |       |    15 |     9 ||    24
 Invoke: Minor Destruction |       |       |       |     5 ||     5
  Evoke: Wand              |       |       |       |     3 ||     3
         Condenser vane    |       |       |       |     1 ||     1
    Use: Scroll            |       |     6 |     5 |     1 ||    12
         Potion            |       |       |     2 |     2 ||     4
 Armour: Scale mail        |    33 |    21 |       |       ||    54
         Chain mail        |       |    40 |    64 |       ||   104
         Crystal plate arm |       |       |    82 |   228 ||   310
  Dodge: Dodged            |    37 |    50 |    46 |   128 ||   261
  Block: Buckler           |    20 |    21 |    45 |    84 ||   170

Table legend: (Time is in decaauts)
 A = Elapsed time spent in this place.
 B = Non-inter-level travel time spent in this place.
 C = Inter-level travel time spent in this place.
 D = Time resting spent in this place.
 E = Time spent auto-exploring this place.
 F = Levels seen in this place.
 G = Mean time per level.
                   A        B        C        D        E       F      G
               +--------+--------+--------+--------+--------+-----+--------+
         Total |  10689 |  10107 |    582 |   1384 |   6814 |  13 |  822.2 |
       Dungeon |  10213 |   9640 |    573 |   1214 |   6764 |  11 |  928.5 |
        Temple |     41 |     32 |      9 |      0 |      6 |   1 |   41.0 |
       Ossuary |    433 |    433 |      0 |    170 |     44 |   1 |  433.0 |
               +--------+--------+--------+--------+--------+-----+--------+

Top non-repeatable levels by time:
    D:10: 1571 daAuts
     D:5: 1396 daAuts
     D:6: 1242 daAuts
     D:3: 1107 daAuts
     D:8: 1003 daAuts
     D:9: 888 daAuts
     D:7: 750 daAuts
     D:4: 716 daAuts
     D:2: 570 daAuts
     D:1: 503 daAuts
    D:11: 461 daAuts
 Ossuary: 433 daAuts
  Temple: 41 daAuts
